 Dungeon Crawl Stone Soup version 0.29.1-2-gbd0b4ee654 (webtiles) character file.

Game seed: 5496739213305266373

241227 funnyparkerb the Warrior (level 20, -3/181 HPs)
             Began as a Djinni Fire Elementalist on Oct 26, 2022.
             Was a High Priest of Ashenzari.
             Killed from afar by an ironbound thunderhulk (38 damage)
             ... with a bolt of lightning
             ... on level 1 of the Vaults on Oct 27, 2022.
             The game lasted 01:41:59 (33829 turns).

funnyparkerb the Warrior (DjFE)                    Turns: 33829, Time: 01:42:00

Health: -3/181     AC: 18    Str:  7    XL:     20   Next: 12%
Gold:   2880       EV: 21    Int: 34    God:    Ashenzari [*****.] SH: 16 Dex: 19

rFire   + + .      SeeInvis +   q - +2 rapier "Sisati" {protect, Int+3 Dex+4 SInv}
rCold   x . .      Faith    .   W - +0 tower shield of the Cosmic Vision {Cun, Self} (curse)
rNeg    . . .      Spirit   .   U - +4 troll leather armour of the All-seeing Dismay {Regen+, Self, Cun} (curse)
rPois   ∞          Reflect  .   z - +0 helmet of the All-seeing Fetters {Self, Melee} (curse)
rElec   .          Harm     .   F - +0 cloak of the Sublime Henotheism {Range, Self} (curse)
rCorr   .          Rampage  .   h - +0 pair of gloves of Ashenzari's Paranoia {Range, Self} (curse)
Will    ++...      Clarity  +   (boots unavailable)
Stlth   +++++.....              g - amulet "Behold Eternity" {Regen+, Self, Cun} (curse)
HPRegen 2.00/turn               A - ring "Ensconced With Me" {AC+4, Self, Melee} (curse)
MPRegen 0.00/turn               R - ring of the Bound Evening Star {Int+6, Self, Cun} (curse)

@: about to teleport, flying
A: sickness immunity, fire resistance 2, cold vulnerability 1, float, innate
caster, HP casting, extra vitality 1
}: 2/15 runes: decaying, serpentine
a: Renounce Religion, Curse Item, Shatter the Chains


You were on level 1 of the Vaults.
You worshipped Ashenzari.
Ashenzari was extremely pleased with you.
You visited 7 branches of the dungeon, and saw 32 of its levels.

You collected 3742 gold pieces.
You spent 862 gold pieces at shops.

Inventory:

Hand Weapons
 q - the +2 rapier "Sisati" (weapon) {protect, Int+3 Dex+4 SInv}
   (You found it on level 15 of the Dungeon)

   It grants its wielder temporary protection when it strikes (+7 to AC).
   Int:       It affects your intelligence (+3).
   Dex:       It affects your dexterity (+4).
   SInv:      It lets you see invisible.
 G - the +6 dagger "Qeppuoji" {drain, rPois rN++}
   (You found it on level 3 of the Lair of Beasts)

   A truly terrible weapon, it drains the life of any living foe it strikes.
   rPois:     It protects you from poison.
   rN:        It greatly protects you from negative energy.
Missiles
 x - 12 curare-tipped darts
Armour
 h - the cursed +0 pair of gloves of Ashenzari's Paranoia (worn) {Range, Self}
   (You bought it in a shop on level 1 of the Orcish Mines)

   It has a curse which improves the following skills: Ranged Combat: Ranged
   Weapons and Throwing.
   Introspection: Fighting and Spellcasting.
 z - the cursed +0 helmet of the All-seeing Fetters (worn) {Self, Melee}
   (You took it off Robin on level 3 of the Dungeon)

   It has a curse which improves the following skills: Introspection: Fighting
   and Spellcasting.
   Melee Combat: Short Blades, Long Blades, Axes, Maces & Flails, Polearms,
   Staves and Unarmed Combat.
 F - the cursed +0 cloak of the Sublime Henotheism (worn) {Range, Self}
   (You found it on level 6 of the Dungeon)

   It has a curse which improves the following skills: Ranged Combat: Ranged
   Weapons and Throwing.
   Introspection: Fighting and Spellcasting.
 Q - a +0 cloak
 U - the cursed +4 troll leather armour of the All-seeing Dismay (worn) {Regen+, Self, Cun}
   (You found it on level 11 of the Dungeon)

   Regen:     It increases your rate of health regeneration.
   It has a curse which improves the following skills: Introspection: Fighting
   and Spellcasting.
   Cunning:   Dodging and Stealth.
 W - the cursed +0 tower shield of the Cosmic Vision (worn) {Cun, Self}
   (You took it off Louise on level 1 of the Snake Pit)

   It has a curse which improves the following skills: Cunning: Dodging and
   Stealth.
   Introspection: Fighting and Spellcasting.
Jewellery
 g - the cursed amulet "Behold Eternity" (around neck) {Regen+, Self, Cun}
   (You bought it in a shop on level 4 of the Dungeon)

   [amulet of regeneration]

   Regen:     It increases your rate of health regeneration.
   It has a curse which improves the following skills: Introspection: Fighting
   and Spellcasting.
   Cunning:   Dodging and Stealth.
 l - a +6 ring of strength
 r - a +4 ring of protection
 A - the cursed ring "Ensconced With Me" (left hand) {AC+4, Self, Melee}
   (You found it on level 5 of the Dungeon)

   [ring of protection]

   AC:        It affects your AC (+4).
   It has a curse which improves the following skills: Introspection: Fighting
   and Spellcasting.
   Melee Combat: Short Blades, Long Blades, Axes, Maces & Flails, Polearms,
   Staves and Unarmed Combat.
 B - a +4 ring of evasion
 L - a ring of ice
 R - the cursed ring of the Bound Evening Star (right hand) {Int+6, Self, Cun}
   (You found it on level 4 of the Lair of Beasts)

   [ring of intelligence]

   Int:       It affects your intelligence (+6).
   It has a curse which improves the following skills: Introspection: Fighting
   and Spellcasting.
   Cunning:   Dodging and Stealth.
 Z - a +4 ring of protection
Wands
 o - a wand of acid (7)
 y - a wand of flame (55)
 D - a wand of polymorph (17)
 I - a wand of iceblast (26)
 M - a wand of digging (8)
 N - a wand of charming (34)
Scrolls
 a - 9 scrolls of fog
 b - 7 scrolls of vulnerability
 c - 18 scrolls of teleportation
 f - 2 scrolls of blinking
 i - a scroll of summoning
 k - 2 scrolls of poison
 u - 4 scrolls of enchant weapon
 C - 4 scrolls of enchant armour
 H - 2 scrolls of silence
 J - 3 scrolls of brand weapon
 K - 11 scrolls of immolation
 T - 6 scrolls of fear
 V - 5 scrolls of magic mapping
Potions
 d - 2 potions of invisibility
 e - 25 potions of curing
 j - 3 potions of resistance
 m - a potion of cancellation
 n - 11 potions of heal wounds
 p - 5 potions of brilliance
 t - 5 potions of might
 v - 3 potions of attraction
 w - 6 potions of haste
 E - 9 potions of mutation
 O - 8 potions of berserk rage
 S - 4 potions of lignification
 X - a potion of ambrosia


   Skills:
 - Level 18.9(27) Fighting
 + Level 11.5 Armour
 + Level 13.4(18.9) Dodging
 - Level 6.7(12.0) Stealth
 + Level 8.1 Shields
 * Level 17.1(25.8) Spellcasting


You had 20 spell levels left.
You knew the following spells:

 Your Spells              Type           Power      Damage    Failure   Level
a - Foxfire               Conj/Fire      100%       2x1d9     0%          1
b - Scorch                Fire           100%       2d10      0%          2
c - Conjure Flame         Conj/Fire      100%       6-21      0%          3
d - Inner Flame           Hex/Fire       100%       N/A       0%          3
e - Flame Wave            Conj/Fire      100%       2d21      0%          4
f - Sting                 Tmut/Pois      100%       1d8       0%          1
g - Ensorcelled Hibernat  Hex/Ice        100%       N/A       0%          2
h - Mephitic Cloud        Conj/Pois/Air  100%       N/A       0%          3
i - Frozen Ramparts       Ice            100%       1d16      0%          3
j - Borgnjor's Vile Clut  Necr/Erth      60%        N/A       0%          5
k - Silence               Hex/Air        60%        N/A       0%          5
l - Dispersal             Tloc           60%        N/A       1%          6
m - Starburst             Conj/Fire      60%        6d16      1%          6
n - Summon Cactus Giant   Summ           60%        N/A       1%          6
Your spell library was empty.

Dungeon Overview and Level Annotations

Branches:
Dungeon (15/15)            Temple (1/1) D:6            Lair (5/5) D:10
  Swamp (4/4) Lair:3        Snake (4/4) Lair:2        Slime (0/5) Lair:4
    Orc (2/2) D:11            Elf (0/3) Orc:2        Vaults (1/5) D:13
 Depths (0/4) D:15

Altars:
Ashenzari
Cheibriados
Dithmenos
Elyvilon
Fedhas
Gozag
Hepliaklqana
Makhleb
Nemelex Xobeh
Okawaru
Qazlal
Ru
Trog
Uskayaw
Wu Jian
Xom
Yredelemnul
Zin
The Shining One
Jiyva

Shops:
D:4 *   D:10 *   Orc:1 [   Orc:2 *==!   Snake:4 !   Vaults:1 (


Innate Abilities, Weirdness & Mutations

You are immune to sickness and miasma.
You are immune to poison.
Your flesh is very heat resistant. (rF++)
You are vulnerable to cold. (rC-)
You float through the air rather than walking.
You learn spells naturally, not from books.
Your magical power is your life essence.
You have superior vitality. (+4 MHP)


Message History

Casting: Borgnjor's Vile Clutch (safe; 0% risk of failure)
Confirm with . or Enter, or press ? or * to list all spells.
Aiming: Borgnjor's Vile Clutch (safe; 0% risk of failure)
Press: ? - help, Shift-Dir - straight line, f - white very ugly thing
Aim: a white very ugly thing (lightly wounded, 100% to hit)
Zombie hands grab the white very ugly thing.
* * * LOW HITPOINT WARNING * * *
The zombie hands constrict the white very ugly thing!
The white very ugly thing struggles to escape constriction.
The zombie hands constrict the white very ugly thing!!
The white very ugly thing struggles to escape constriction. x2
The zombie hands constrict the white very ugly thing!
The white very ugly thing struggles to escape constriction.
Casting: Borgnjor's Vile Clutch (safe; 0% risk of failure)
Confirm with . or Enter, or press ? or * to list all spells.
You can't see any susceptible monsters within range! (Use Z to cast anyway.)
The zombie hands constrict the white very ugly thing.
Electricity crackles from the ironbound thunderhulk's apparatus.
The bolt of lightning hits you!!!
* * * LOW HITPOINT WARNING * * *
The white very ugly thing struggles to escape constriction.
Your cactus giant barely misses the white very ugly thing.
As you read the scroll of teleportation, it crumbles to dust.
You feel strangely unstable.
The zombie hands constrict the white very ugly thing!!
You hear a loud "Zot"!
The white very ugly thing is struck by your cactus giant's spines.
The white very ugly thing dies!
You feel much better.
Casting: Borgnjor's Vile Clutch (safe; 0% risk of failure)
Confirm with . or Enter, or press ? or * to list all spells.
Aiming: Borgnjor's Vile Clutch (safe; 0% risk of failure)
Press: ? - help, Shift-Dir - straight line, f - ironbound thunderhulk
Aim: an ironbound thunderhulk, wielding a +0 dire flail and wearing a +0 animal skin (100% to hit)
Zombie hands grab the ironbound thunderhulk.
* * * LOW HITPOINT WARNING * * *
The zombie hands constrict the ironbound thunderhulk!
Electricity crackles from the ironbound thunderhulk's apparatus.
The bolt of lightning hits you!!!
You die...

**** * ,, ,,
####### ####### ,
,, ########## , *
###.....@###,,,, ,
###......###,,,
###......#######+#
**
###......#.......#
, ,, *
###......#.......#
,, ,,
###..OC..#.......#
, *
###..^...#.......#
, *
###......'.......#
* * ,,, ,
#####'#####.......#
* *


You could see an ironbound thunderhulk (clutched, ally target) and a friendly
cactus giant (summoned).

Vanquished Creatures
  Vashnia (Snake:2)
  4 tentacled monstrosities
  Frances (Snake:1)
  Roxanne (Snake:1)
  3 thorn hunters (Swamp:3)
  5 nagarajas (Snake:4)
  A fenstrider witch (Swamp:1)
  Aizul (Snake:3)
  Louise (Snake:1)
  2 ghouls (Swamp:3)
  A stone giant (Orc:2)
  5 bunyips (Swamp:3)
  2 eleionomae
  An ettin (D:15)
  2 fire dragons
  Josephine (Orc:1)
  3 shambling mangroves
  The ghost of Maingosu the Thaumaturge, a journeyman DEFE of Sif Muna (Lair:3)
  3 vault guards (D:13)
  An ice dragon (Swamp:3)
  2 boulder beetles
  2 salamander tyrants
  A great orb of eyes (D:15)
  26 hydras
  A spriggan air mage (Swamp:3)
  Erolcha (D:9)
  A catoblepas (Lair:5)
  15 anacondas
  4 ogre magi
  Erica (D:8)
  17 two-headed ogres
  2 centaur warriors (D:14)
  18 alligators
  6 ghost crabs
  8 naga warriors
  5 tengu warriors
  Urug (D:11)
  6 shock serpents
  13 naga sharpshooters
  5 spriggan druids
  11 goliath frogs
  4 salamander mystics
  A wizard (D:15)
  4 bog bodies
  6 naga ritualists
  12 swamp dragons
  4 deep trolls
  A lindwurm (Lair:5)
  10 mana vipers
  3 deep elf pyromancers
  6 cyclopes
  2 orc knights
  2 orc sorcerers
  12 ugly things
  4 will-o-the-wisps
  15 salamanders
  A manticore (D:15)
  3 elephants (Lair:5)
  A guardian serpent (Snake:3)
  3 molten gargoyles (Lair:5)
  15 cane toads
  12 naga magi
  4 gargoyles
  29 black mambas
  An unseen horror (D:11)
  2 kobold demonologists
  3 rime drakes
  4 yaktaurs (Vaults:1)
  8 komodo dragons
  A tengu conjurer (D:15)
  A troll (shapeshifter) (D:15)
  A polar bear (Lair:2)
  8 tyrant leeches
  12 trolls
  Grinder (D:3)
  10 hornets
  11 dream sheep
  30 blink frogs
  2 shadows (D:11)
  9 spriggans
  8 wraiths
  9 wyverns
  65 yaks
  3 vampire mosquitoes
  Grum (D:10)
  7 basilisks
  2 steam dragons
  A warg (Orc:2)
  37 nagas
  22 swamp worms
  5 water moccasins
  2 acid dragons
  3 hell hounds (Lair:5)
  14 swamp drakes
  13 orc warriors
  A sky beast (D:6)
  An ice beast (D:7)
  28 ogres
  4 boggarts (D:15)
  3 black bears
  22 wolves
  2 centaurs
  4 phantoms
  5 kobold brigands
  15 bullfrogs
  3 necrophages (D:6)
  2 scorpions
  4 wights (D:10)
  2 troll zombies (D:11)
  4 killer bees (D:9)
  5 howler monkeys
  5 lava snakes (Lair:5)
  A quasit (D:7)
  3 hounds
  4 jellies
  15 orc priests
  A gnoll bouda (D:7)
  An iguana (D:6)
  Ijyb (D:4)
  17 orc wizards
  6 ogre zombies (D:11)
  Robin (D:3)
  8 gnolls
  8 adders
  5 shadow imps
  2 white imps
  4 ufetubi
  4 worms (D:2)
  2 dart slugs
  70 orcs
  5 bats
  8 endoplasms
  6 giant cockroaches
  20 goblins
  9 hobgoblins
  5 jackals
  A quokka (D:1)
  7 ball pythons
  5 frilled lizards
  2 goblin zombies (D:11)
  A hobgoblin skeleton (D:11)
  10 hobgoblin zombies (D:11)
  19 kobolds
  2 orc skeletons (D:11)
  10 orc zombies (D:11)
  3 rats
1012 creatures vanquished.

Vanquished Creatures (collateral kills)
  2 nagarajas (Snake:4)
  A very ugly thing (Vaults:1)
  A boulder beetle (D:14)
  4 vault guards (D:13)
  A hydra (D:15)
  2 two-headed ogres (D:13)
  A tengu warrior (D:14)
  An ugly thing (D:15)
  A salamander (Snake:4)
  A manticore (D:13)
  A naga mage (Snake:4)
  A spriggan (Swamp:1)
  2 nagas (Snake:4)
  22 foxfires
41 creatures vanquished.

Vanquished Creatures (others)
  A lich (Vaults:1)
  A bloated husk (Swamp:2)
  A boggart (D:15)
  2 demonic plants (D:7)
  1433 foxfires
  52 fungi
  36 plants
1526 creatures vanquished.

Grand Total: 2579 creatures vanquished

Notes
Turn   | Place    | Note
-------+----------+-------------------------------------------
     0 | D:1      | funnyparkerb the Djinni Fire Elementalist began the quest
                  | for the Orb.
     0 | D:1      | funnyparkerb set off with the following spells memorised:
                  | Foxfire, Scorch, Conjure Flame, Inner Flame, Flame Wave.
     0 | D:1      | Reached XP level 1. HP: 15/15 MP: 0/0
   340 | D:1      | Reached XP level 2. HP: 21/22 MP: 0/0
   634 | D:1      | Reached skill level 1 in Fighting
   927 | D:1      | Reached XP level 3. HP: 21/27 MP: 0/0
   927 | D:1      | Learned a level 1 spell: Sting
  2106 | D:2      | Reached XP level 4. HP: 29/33 MP: 0/0
  2528 | D:2      | Found a faded altar of an unknown god.
  2571 | D:2      | Reached skill level 2 in Fighting
  3466 | D:3      | Found an iron altar of Okawaru.
  3832 | D:3      | Reached XP level 5. HP: 34/38 MP: 0/0
  3832 | D:3      | Learned a level 2 spell: Ensorcelled Hibernation
  4291 | D:3      | Noticed Grinder
  4319 | D:3      | Killed Grinder
  4320 | D:3      | Reached skill level 3 in Fighting
  4320 | D:3      | Reached XP level 6. HP: 4/46 MP: 0/0
  4614 | D:3      | Found a blossoming altar of Fedhas.
  4915 | D:3      | Noticed Robin
  4923 | D:3      | Killed Robin
  5120 | D:4      | Found a glowing golden altar of the Shining One.
  5120 | D:4      | Noticed an ogre
  5129 | D:4      | Killed an ogre
  5130 | D:4      | Reached XP level 7. HP: 38/51 MP: 0/0
  5130 | D:4      | Learned a level 3 spell: Mephitic Cloud
  5250 | D:4      | Reached skill level 5 in Spellcasting
  5385 | D:4      | Found Hitif's Neck Hole.
  5930 | D:4      | Reached skill level 4 in Fighting
  6140 | D:4      | Noticed Ijyb
  6146 | D:4      | Killed Ijyb
  6694 | D:5      | Entered Level 5 of the Dungeon
  6815 | D:5      | Reached XP level 8. HP: 54/58 MP: 0/0
  7186 | D:5      | Reached skill level 5 in Fighting
  8244 | D:6      | Reached XP level 9. HP: 44/66 MP: 0/0
  8244 | D:6      | Learned a level 3 spell: Frozen Ramparts
  8584 | D:6      | Reached skill level 6 in Fighting
  8860 | D:6      | Found a staircase to the Ecumenical Temple.
  8878 | Temple   | Entered the Ecumenical Temple
  9210 | D:6      | Found a shadowy altar of Dithmenos.
  9754 | D:7      | Reached skill level 7 in Fighting
  9926 | D:7      | Identified the +0 pair of boots of the Blacksmith {Str+2}
 10185 | D:7      | Reached XP level 10. HP: 63/75 MP: 0/0
 10206 | D:7      | Reached skill level 8 in Fighting
 11655 | D:8      | Found a broken altar of Ashenzari.
 11688 | D:8      | Became a worshipper of Ashenzari the Shackled
 12327 | D:8      | Noticed Erica
 12353 | D:8      | Killed Erica
 12354 | D:8      | Reached skill level 10 in Spellcasting
 12873 | D:9      | Noticed a two-headed ogre
 13011 | D:9      | Noticed Erolcha
 13012 | D:9      | Noticed a gargoyle
 13212 | D:9      | Killed Erolcha
 13213 | D:9      | Reached skill level 9 in Fighting
 13213 | D:9      | Reached XP level 11. HP: 73/84 MP: 0/0
 13213 | D:9      | Learned a level 5 spell: Borgnjor's Vile Clutch
 13213 | D:9      | Noticed a two-headed ogre
 13221 | D:9      | Killed a two-headed ogre
 13425 | D:9      | Killed a two-headed ogre
 13885 | D:9      | Found a burning altar of Makhleb.
 13913 | D:9      | Reached skill level 10 in Fighting
 14170 | D:9      | Found a hide-covered altar of Uskayaw.
 14172 | D:9      | Found a shimmering altar of Xom.
 14528 | D:10     | Entered Level 10 of the Dungeon
 14558 | D:10     | Found a staircase to the Lair.
 14586 | D:10     | Noticed Grum
 14596 | D:10     | Killed Grum
 15189 | D:10     | Found Tyakhee's CLEARANCE SALE!.
 15373 | D:4      | Bought an amulet of regeneration for 330 gold pieces
 15507 | D:10     | Reached XP level 12. HP: 74/92 MP: 0/0
 15719 | D:10     | Noticed a soul eater
 16004 | D:10     | Found a sacrificial altar of Ru.
 16085 | D:11     | Found a hazy altar of Hepliaklqana.
 16314 | D:11     | Reached skill level 1 in Shields
 16378 | D:11     | Found a staircase to the Orcish Mines.
 16523 | D:11     | Noticed Urug
 16535 | D:11     | Killed Urug
 16536 | D:11     | Reached skill level 11 in Fighting
 17292 | D:12     | Reached * piety under Ashenzari
 17292 | D:12     | Identified a scroll of acquirement
 17299 | D:12     | Acquired 919 gold pieces
 17675 | D:12     | Reached skill level 5 in Dodging
 18050 | Lair:1   | Entered Level 1 of the Lair of Beasts
 18127 | Lair:1   | Reached ** piety under Ashenzari
 18194 | Lair:1   | Reached skill level 1 in Armour
 18326 | Lair:1   | Reached XP level 13. HP: 103/103 MP: 0/0
 18326 | Lair:1   | Learned a level 5 spell: Silence
 18449 | Lair:1   | Reached *** piety under Ashenzari
 18823 | Lair:2   | Reached skill level 12 in Fighting
 19082 | Lair:2   | Noticed a seven-headed hydra
 19087 | Lair:2   | Killed a seven-headed hydra
 19314 | Lair:2   | Found a staircase to the Snake Pit.
 19936 | Lair:3   | Found a staircase to the Swamp.
 19997 | Lair:3   | Found a runed translucent door.
 20002 | Lair:3   | Noticed Maingosu's ghost (journeyman DEFE)
 20002 | Lair:3   | Identified the +6 dagger "Qeppuoji" {drain, rPois rN++}
 20202 | Lair:3   | Killed Maingosu's ghost
 20337 | Lair:4   | Reached XP level 14. HP: 104/114 MP: 0/0
 20415 | Lair:4   | Found a viscous altar of Jiyva.
 20415 | Lair:4   | Found a staircase to the Slime Pits.
 20714 | Lair:4   | Reached skill level 13 in Fighting
 20950 | Lair:5   | Entered Level 5 of the Lair of Beasts
 21458 | Lair:5   | Reached skill level 5 in Armour
 21637 | Lair:5   | Reached skill level 5 in Stealth
 21700 | Lair:5   | Found a large runed translucent door.
 21716 | Lair:5   | Found a large runed translucent door.
 22814 | Orc:1    | Entered Level 1 of the Orcish Mines
 22964 | Orc:2    | Entered Level 2 of the Orcish Mines
 22971 | Orc:2    | Noticed a stone giant
 22972 | Orc:2    | Reached XP level 15. HP: 88/124 MP: 0/0
 22972 | Orc:2    | Learned a level 6 spell: Dispersal
 22981 | Orc:2    | Killed a stone giant
 22983 | Orc:2    | Reached skill level 14 in Fighting
 23338 | Orc:2    | Found a staircase to the Elven Halls.
 23426 | Orc:2    | Reached **** piety under Ashenzari
 23481 | Orc:2    | Found Witwiran's Jewellery Shop.
 23501 | Orc:2    | Found Rughus's Distillery.
 23503 | Orc:2    | Found Pemmuj's General Store.
 23509 | Orc:2    | Bought 2 potions of resistance for 220 gold pieces
 23511 | Orc:2    | Found Fawn's Jewellery Shop.
 23515 | Orc:2    | Bought a scroll of teleportation for 45 gold pieces
 23757 | Orc:1    | Noticed Josephine
 23762 | Orc:1    | Killed Josephine
 24066 | Orc:1    | Found Leqiq's Armour Shop.
 24074 | Orc:1    | Bought a +0 pair of gloves for 58 gold pieces
 24246 | Swamp:1  | Entered Level 1 of the Swamp
 24246 | Swamp:1  | Noticed a fenstrider witch
 24256 | Swamp:1  | Killed a fenstrider witch
 24636 | Swamp:1  | Identified the Compilation of Hurtful Toxins (You found it
                  | on level 7 of the Dungeon)
 24640 | Swamp:1  | Reached XP level 16. HP: 78/136 MP: 0/0
 24751 | Swamp:1  | Reached skill level 15 in Fighting
 25246 | Swamp:2  | Reached ***** piety under Ashenzari
 25442 | Swamp:3  | Noticed a thorn hunter
 25452 | Swamp:3  | Killed a thorn hunter
 25559 | Swamp:3  | Noticed a thorn hunter
 25561 | Swamp:3  | Noticed a thorn hunter
 25564 | Swamp:3  | Killed a thorn hunter
 25567 | Swamp:3  | Reached skill level 10 in Dodging
 25567 | Swamp:3  | HP: 1/141 [spriggan air mage/the air (25)]
 25666 | Swamp:3  | Found a frozen archway.
 25697 | Swamp:3  | Noticed a tentacled monstrosity
 25789 | Swamp:2  | Killed a tentacled monstrosity
 25871 | Swamp:3  | Reached skill level 15 in Spellcasting
 25892 | Swamp:3  | Killed a thorn hunter
 26018 | Swamp:3  | Reached skill level 16 in Fighting
 26096 | Swamp:3  | Noticed a tentacled monstrosity
 26115 | Swamp:3  | Killed a tentacled monstrosity
 26116 | Swamp:3  | Reached XP level 17. HP: 140/149 MP: 0/0
 26116 | Swamp:3  | Learned a level 6 spell: Starburst
 26555 | Swamp:4  | Entered Level 4 of the Swamp
 27080 | Swamp:4  | Got a decaying rune of Zot
 27316 | Snake:1  | Entered Level 1 of the Snake Pit
 27379 | Snake:1  | Noticed Roxanne
 27460 | Snake:1  | Killed Roxanne
 27524 | Snake:1  | Reached skill level 17 in Fighting
 27654 | Snake:1  | Noticed Frances
 27669 | Snake:1  | Killed Frances
 27718 | Snake:1  | Noticed Louise
 27730 | Snake:1  | Reached XP level 18. HP: 104/158 MP: 0/0
 27732 | Snake:1  | Killed Louise
 28228 | Snake:2  | Reached skill level 5 in Shields
 28235 | Snake:2  | Noticed a tentacled monstrosity
 28243 | Snake:2  | Noticed a tentacled monstrosity
 28252 | Snake:2  | Killed a tentacled monstrosity
 28263 | Snake:2  | Killed a tentacled monstrosity
 28498 | Snake:2  | Reached skill level 10 in Armour
 28589 | Snake:2  | Noticed Vashnia
 28608 | Snake:2  | Killed Vashnia
 28747 | Snake:2  | Identified the +7 spear of Sharkskin {freeze, Dex+8}
 29615 | Snake:3  | Noticed Aizul
 29620 | Snake:3  | Killed Aizul
 29714 | Snake:3  | Reached skill level 18 in Fighting
 30477 | Snake:4  | Entered Level 4 of the Snake Pit
 30574 | Snake:4  | Found Saoryif's Distillery.
 30581 | Snake:4  | Bought a potion of brilliance for 44 gold pieces
 30581 | Snake:4  | Bought a potion of curing for 33 gold pieces
 30581 | Snake:4  | Bought a potion of heal wounds for 55 gold pieces
 30581 | Snake:4  | Bought a potion of brilliance for 44 gold pieces
 30581 | Snake:4  | Bought a potion of curing for 33 gold pieces
 30610 | Snake:4  | Reached XP level 19. HP: 19/164 MP: 0/0
 30610 | Snake:4  | Learned a level 6 spell: Summon Cactus Giant
 31355 | Snake:4  | Got a serpentine rune of Zot
 31935 | D:13     | Found a gate to the Vaults.
 32981 | D:15     | Entered Level 15 of the Dungeon
 33286 | D:15     | Reached ****** piety under Ashenzari
 33336 | D:15     | Found a staircase to the Depths.
 33364 | D:15     | Identified the +2 rapier "Sisati" {protect, Int+3 Dex+4
                  | SInv}
 33393 | D:15     | Reached XP level 20. HP: 165/181 MP: 0/0
 33659 | Vaults:1 | Entered Level 1 of the Vaults
 33715 | Vaults:1 | Found Eqiczigg's Antique Weapon Shoppe.
 33829 | Vaults:1 | Killed from afar by an ironbound thunderhulk

Illustrated notes

Levels and vault maps discovered:
D:1:      reono_arrival_forest_river, layout_loops_ring, grunt_decor_resistance
D:2:      layout_basic, shapermc_ecumenical_altar_pompeii, solitary_fountain,
          hex_intersection, minmay_increasing_density
D:3:      layout_basic, lemuel_coloured_pillars_altar,
          mainiacjoe_overflow_boulevard, moated_statue, uniq_robin, uniq_grinder
D:4:      kennysheep_goblin_castle, layout_cave_pools,
          mainiacjoe_overflow_alcove_2, nicolae_shop_sticking_my_neck_out
D:5:      layout_cave_pools, chequers_serial_rivers_small_b,
          minmay_crystal_room, uniq_ijyb
D:6:      kb_forest_paths, layout_loops_cross, mainiacjoe_overflow_24_doors,
          minmay_temple_entry_wispy
D:7:      layout_basic, serial_demonic, serial_demonic_g, serial_demonic_b,
          serial_demonic_c, serial_demonic_g, serial_demonic_a, serial_demonic_f
D:8:      layout_loops_ring, mainiacjoe_overflow_cross_hatched, uniq_erica
D:9:      layout_cave_pools, minitemple, uniq_erolcha
D:10:     layout_long_grid, nicolae_ru_path_of_blood, lair_entry_dummy,
          nicolae_shop_clearance, uniq_grum
D:11:     layout_loops_corners, zombieorc2_lemuel, nzn_hepliaklqana_mist_gate,
          uniq_urug
D:12:     layout_gridville
D:13:     layout_irregular_city, erik_vaults_2, blue_anna_alchemist
D:14:     layout_basic
D:15:     hangedman_depths_entry_civil_slaughter, layout_rooms
Temple:   compressed_dpeg_triangle_lava_temple
Lair:1:   layout_regular_city, minmay_holes, serial_bayou_shore_a,
          infiniplex_staircase_pool_2, serial_bayou_shore_b, lemuel_fruit_tree
Lair:2:   layout_roguey, dummy_snake_entry, enter_volcano_2, grunt_megastairs_1
Lair:3:   layout_hall_layers, minmay_swamp_entry_wisps,
          ebering_ghost_reflecting_pool
Lair:4:   layout_gridlike, slime_entry_1
Lair:5:   cheibrodos_lair_end_hotspot, layout_layer_cave
Swamp:1:  layout_basic_swamp, infiniplex_staircase_pool
Swamp:2:  layout_falls_marsh, serial_swamp_ruin, evilmike_swamp_ruin_house_2,
          evilmike_swamp_ruin_house_4
Swamp:3:  nzn_winding_woodlands_cross [nzn_winding_woodlands_5x15_split_checker,
          nzn_winding_woodlands_5x15_jagged, nzn_winding_woodlands_5x15_cabin,
          nzn_winding_woodlands_5x15_eye, nzn_winding_woodlands_15x15_killbox],
          layout_basic_swamp, portal_ice_cave_entry_dragon,
          evilmike_swamp_ruin_house_1
Swamp:4:  swamp, layout_basic_swamp, swamp_pool3
Snake:1:  layout_onion, grunt_megastairs_5, uniq_roxanne, uniq_frances,
          uniq_louise
Snake:2:  onia_ninara_swampy_vault, layout_layer_cave, serial_bayou_shore_b,
          serial_bayou_shore_b, uniq_vashnia
Snake:3:  layout_layer_cave, uniq_aizul
Snake:4:  minmay_snake_end_coiled, layout_misc_corridors, minmay_shop_star
Orc:1:    layout_caves, serial_shops, nicolae_lakefront_shop, uniq_josephine
Orc:2:    st_orc_open, layout_diamond_mine
Vaults:1: hangedman_vaults_nodes, vaults_room_boxed,
          vaults_room_grunt_arrival_checkpoint, st_hourglassy,
          hangedman_vaults_snaps, v_misc_19, dpeg_vaults_monster_box, v_misc_2,
          layout_vaults_omnicross, serial_shops, nicolae_shop_waterfront, shop,
          nicolae_shop_statue_plus

Skill      XL: |  1  2  3  4  5  6  7  8  9 10 11 12 13 14 15 16 17 18 19 20 |
---------------+-------------------------------------------------------------+-----
Fighting       | 1 2 3 4 5 7 9 10 11 12 13 14 16 17 18 | 18.9
Spellcasting   | 3 4 5 7 8 10 11 12 13 14 15 16 17 | 17.1
Shields        | 3 4 6 7 8 |  8.1
Dodging        | 5 6 8 9 10 11 12 13 | 13.4
Armour         | 1 4 5 7 8 9 10 11 | 11.5
Stealth        | 2 4 5 6 |  6.7

Action                   |  1- 3 |  4- 6 |  7- 9 | 10-12 | 13-15 | 16-18 | 19-21 || total
-------------------------+-------+-------+-------+-------+-------+-------+-------++-------
Melee: Dagger            |     2 |       |       |       |       |       |       ||     2
       Short sword       |       |       |       |     3 |     4 |       |     1 ||     8
 Cast: Foxfire           |    74 |   119 |   207 |   247 |   198 |    23 |       ||   868
       Scorch            |    14 |    21 |    95 |   194 |   315 |    53 |     3 ||   695
       Sting             |     1 |       |       |       |    12 |       |       ||    13
       Conjure Flame     |       |     1 |     5 |    10 |     1 |       |       ||    17
       Mephitic Cloud    |       |       |    19 |    48 |    59 |    26 |    27 ||   179
       Inner Flame       |       |       |     1 |     2 |    60 |    86 |    45 ||   194
       Borgnjor's Vile C |       |       |       |    75 |   126 |   256 |   154 ||   611
       Frozen Ramparts   |       |       |       |     3 |     8 |     1 |       ||    12
       Flame Wave        |       |       |       |       |     6 |     1 |       ||     7
       Dispersal         |       |       |       |       |     3 |     5 |     5 ||    13
       Starburst         |       |       |       |       |       |   122 |    23 ||   145
       Summon Cactus Gia |       |       |       |       |       |       |    39 ||    39
       Silence           |       |       |       |       |       |       |     2 ||     2
Invok: Curse Item        |       |       |       |     7 |     3 |     1 |     3 ||    14
       Shatter the Chain |       |       |       |     4 |       |     1 |     1 ||     6
  Use: Scroll            |       |       |       |     1 |     4 |     6 |     2 ||    13
       Potion            |       |       |       |       |       |       |     2 ||     2
Armor: Robe              |     1 |       |    10 |     6 |       |       |       ||    17
       Leather armour    |       |       |       |     4 |       |       |       ||     4
       Skin              |       |       |       |     2 |       |       |       ||     2
       Troll leather arm |       |       |       |     1 |    88 |    69 |    16 ||   174
Dodge: Dodged            |     7 |     1 |    22 |    32 |   240 |   129 |    45 ||   476
Block: Buckler           |       |       |     5 |    12 |   101 |    31 |       ||   149
       Tower shield      |       |       |       |       |       |    53 |    59 ||   112
